[Event "Titled Tuesday Blitz July 25 Late 2023"]
[White "Adewumi, Tanitoluwa"]
[Black "Tarasova, Viktoriya"]
[WhiteFideId "30966396"]
[BlackFideId "4175840"]
[WhiteElo "2700"]
[BlackElo "2369"]
[Result "1-0"]
[Round "1"]
[TimeControl "180+2"]
[Date "2023.07.25"]
[WhiteClock "0:00:43"]
[BlackClock "0:00:00"]
[Board "98"]

1. d4 Nf6 2. Nf3 e6 3. g3 b6 4. Bg2 Bb7 5. O-O c5 6. c4 cxd4 7. Nxd4 Bxg2 8. Kxg2 Qc8 9. b3 a6 10. Bb2 Be7 11. Nc3 Qb7+ 12. f3 d5 13. cxd5 Nxd5 14. Nxd5 Qxd5 15. e4 Qb7 16. Rc1 O-O 17. Qc2 Bc5 18. Rfd1 Nd7 19. Qc3 Nf6 20. b4 Bxd4 21. Qxd4 Rac8 22. Qe3 Rxc1 23. Rxc1 Nd7 24. Qd4 e5 25. Qd6 Rc8 26. Rd1 Rc2+ 27. Kh3 Rxb2 28. Qe7 Qc8 29. Qxd7 Qxd7+ 30. Rxd7 h6 31. a3 Rb3 32. Rd6 Rxa3 33. Rxb6 Kh7 34. Kg4 f6 35. h4 Kg6 36. h5+ Kh7 37. f4 exf4 38. gxf4 Kg8 39. Kf5 Kf7 40. Rb7+ Kf8 41. e5 fxe5 42. fxe5 Rf3+ 43. Ke6 g5 44. hxg6 h5 45. Rf7+ Kg8 46. Rxf3 1-0


[Site "https://www.chess.com"]

[Event "Titled Tuesday Blitz July 25 Late 2023"]
[White "Chabris, Christopher"]
[Black "Sabuk, Piotr"]
[WhiteFideId "2005263"]
[BlackFideId "1137565"]
[WhiteElo "2369"]
[BlackElo "2699"]
[Result "0-1"]
[Round "1"]
[TimeControl "180+2"]
[Date "2023.07.25"]
[WhiteClock "0:00:00"]
[BlackClock "0:00:02"]
[Board "99"]

1. e4 e5 2. Nf3 Nc6 3. Bb5 a6 4. Ba4 Nf6 5. O-O Be7 6. Re1 b5 7. Bb3 d6 8. c3 O-O 9. h3 Re8 10. d4 Bb7 11. Ng5 Rf8 12. Nf3 Nd7 13. a4 Bf6 14. d5 Na5 15. Bc2 Nc4 16. b3 Ncb6 17. a5 Nc8 18. c4 c6 19. Nbd2 Ne7 20. Bb2 Ng6 21. cxb5 axb5 22. dxc6 Bxc6 23. b4 Nf4 24. Nf1 Be7 25. Bb3 Qc7 26. Rc1 Qb7 27. Ng3 g6 28. Qc2 Rac8 29. Qb1 Nf6 30. Ng5 h6 31. Nf3 Kg7 32. Rcd1 Rfd8 33. Qa2 Bf8 34. a6 Qa8 35. Nxe5 dxe5 36. Bxe5 Ne6 37. Bxf6+ Kxf6 38. Qb2+ Ke7 39. Nf5+ gxf5 40. exf5 Rxd1 41. Rxd1 Bg7 42. Qe2 Rd8 43. Re1 Bxg2 44. Bxe6 Bf3 45. Qc2 fxe6 46. Rxe6+ Kf8 47. Qc7 Rd1+ 48. Kh2 Rh1+ 49. Kg3 Rg1+ 50. Kh4 Bd5 51. Re7 Bf6+ 52. Kh5 Bf3+ 53. Kxh6 Bxe7 54. Qe5 Qc6+ 55. Kh7 Qf6 56. Qb8+ Kf7 0-1


[Site "https://www.chess.com"]

[Event "Titled Tuesday Blitz July 25 Late 2023"]
[White "Gubajdullin, Alexei"]
[Black "Bellissimo, Joseph F."]
[WhiteFideId "4141202"]
[BlackFideId "2609843"]
[WhiteElo "2694"]
[BlackElo "2365"]
[Result "1-0"]
[Round "1"]
[TimeControl "180+2"]
[Date "2023.07.25"]
[WhiteClock "0:01:07"]
[BlackClock "0:00:11"]
[Board "100"]

1. d4 Nf6 2. Nf3 e6 3. Bf4 d5 4. e3 Bd6 5. Bg3 O-O 6. Nbd2 b6 7. Bd3 Bb7 8. c3 Ne4 9. Qc2 f5 10. Ne5 Nd7 11. Nxd7 Qxd7 12. Bxd6 Qxd6 13. f3 Nxd2 14. Qxd2 c5 15. f4 Rac8 16. Rg1 a6 17. g4 fxg4 18. Rxg4 cxd4 19. cxd4 b5 20. Ke2 Kh8 21. Rag1 Rc7 22. Bb1 Qc6 23. b3 Bc8 24. Qd3 Rf5 25. Qd2 Rh5 26. R4g2 Rh3 27. Qb4 Kg8 28. Kd2 Bd7 29. Bd3 Be8 30. f5 exf5 31. Bxf5 Bg6 32. Bxg6 hxg6 33. Qc5 Qxc5 34. dxc5 Rxc5 35. Rxg6 Rxh2+ 36. Kd3 Rc7 37. Rxa6 Rhc2 38. Ra8+ Kf7 39. Rf1+ Kg6 40. Ra6+ Kg5 41. Kd4 Rd2+ 42. Ke5 Re7+ 43. Kd6 Rxe3 44. Ra7 g6 45. Rg1+ Kf4 46. Rf7+ Ke4 47. Rxg6 d4 48. Rg5 Kd3 49. Rxb5 Rxa2 50. Kd5 Rh2 51. Rf5 Kc3 52. Rc5+ Kd3 53. b4 Rh8 54. b5 Rd8+ 55. Kc6 Rc8+ 56. Kd7 Rxc5 57. Rxc5 Re1 58. b6 Rb1 59. Kc6 Ke3 60. Rb5 Rc1+ 61. Kd7 d3 62. Rb3 Ke2 63. b7 d2 64. Rb2 Rb1 65. Rxb1 d1=Q+ 66. Rxd1 Kxd1 67. b8=Q Ke2 68. Qb3 Kf2 69. Ke6 Kg2 70. Kf5 Kh1 71. Kf4 Kg1 72. Qe3+ Kh2 73. Qg3+ Kh1 74. Qg4 Kh2 75. Kf3 Kh1 76. Qg2# 1-0


[Site "https://www.chess.com"]

[Event "Titled Tuesday Blitz July 25 Late 2023"]
[White "Haraguchi, Diego Sashaki"]
[Black "Bryakin, Mikhail"]
[WhiteFideId "22729925"]
[BlackFideId "4165314"]
[WhiteElo "2365"]
[BlackElo "2692"]
[Result "1-0"]
[Round "1"]
[TimeControl "180+2"]
[Date "2023.07.25"]
[WhiteClock "0:00:09"]
[BlackClock "0:00:11"]
[Board "101"]

1. d4 d6 2. c4 Nf6 3. Nf3 g6 4. Nc3 Bf5 5. Nh4 Bc8 6. e4 Bg7 7. Be2 O-O 8. O-O e5 9. Nf3 Nc6 10. Be3 Bg4 11. d5 Ne7 12. h3 Bxf3 13. Bxf3 Nd7 14. Rc1 a5 15. a3 Nc5 16. b4 Na6 17. Qb3 f5 18. Rfd1 f4 19. Bd2 h5 20. Na4 b6 21. Be2 axb4 22. axb4 Qd7 23. Ra1 Kh7 24. Nb2 Kh6 25. c5 b5 26. c6 Qc8 27. Bxb5 g5 28. Qd3 f3 29. Bxa6 Qe8 30. h4 Ng6 31. Bxg5+ Kh7 32. g3 Bf6 33. Qe3 Bg7 34. Bf1 Rb8 35. Nd3 Nh8 36. Bh3 Ng6 37. Bf5 Kh8 38. Qxf3 Ne7 39. Bxe7 Rxf5 40. Qxf5 Qxe7 41. Qxh5+ Kg8 42. Qg6 Kh8 43. h5 Rg8 44. Qe6 Qg5 45. Qh3 Bh6 46. Kg2 Rf8 47. Ra2 Qd8 48. Re2 Qg5 49. Qe6 Rf6 50. Qe8+ Kh7 51. Qe7+ Bg7 52. Rh1 Rxf2+ 53. Kxf2 Qxe7 54. h6 Bf6 55. Kg2 Bg5 56. Nf2 Qe8 57. Ng4 Qg6 58. Kf3 Bd8 59. Nf2 Bg5 60. Kg2 Bxh6 61. Rh4 Qg5 62. Ng4 Qc1 63. Rxh6+ Kg7 64. Rh2 Qc4 65. Kf2 Qxb4 66. Ne3 Qxe4 67. Rh4 Qb1 68. Kf3 Qd3 69. Kf2 Qb1 70. Kg2 Qb6 71. Nf5+ Kf6 72. Ne3 Kg6 73. Rg4+ Kh5 74. Re4 Qb1 75. Kf3 Qh1+ 76. Ng2 Qf1+ 77. Rf2 Qh1 78. Rh4+ Kg5 79. Rxh1 e4+ 80. Kxe4 Kg4 81. Nf4 Kxg3 82. Rg2# 1-0


[Site "https://www.chess.com"]

[Event "Titled Tuesday Blitz July 25 Late 2023"]
[White "Fisher_TheGalactic"]
[Black "Zhou, Qiyu"]
[BlackFideId "505161"]
[WhiteElo "2690"]
[BlackElo "2365"]
[Result "1-0"]
[Round "1"]
[TimeControl "180+2"]
[Date "2023.07.25"]
[WhiteClock "0:00:36"]
[BlackClock "0:00:47"]
[Board "102"]

1. Nf3 Nf6 2. g3 d5 3. Bg2 e6 4. O-O c5 5. d3 Nc6 6. Nbd2 Be7 7. e4 O-O 8. Re1 b6 9. exd5 exd5 10. Nf1 Bb7 11. Ne3 Re8 12. Nf5 Bf8 13. Bg5 Bc8 14. Ne3 Be7 15. Nh4 Be6 16. Nhf5 Bf8 17. Bxf6 Qxf6 18. Nxd5 Qxf5 19. Ne3 Qg6 20. Bxc6 Bg4 21. Bf3 Bxf3 22. Qxf3 Rad8 23. Nc4 f6 24. Qc6 Qf7 25. a4 Rc8 26. Qb5 Ra8 27. a5 bxa5 28. Qxa5 Rxe1+ 29. Rxe1 Re8 30. Rxe8 Qxe8 31. Qxa7 Qe1+ 32. Kg2 Qe2 33. Qd7 Qxc2 34. Qd5+ Kh8 35. Qf7 1-0


[Site "https://www.chess.com"]

[Event "Titled Tuesday Blitz July 25 Late 2023"]
[White "littlepinkyboy"]
[Black "Jaracz, Pawel"]
[BlackFideId "1102222"]
[WhiteElo "2359"]
[BlackElo "2690"]
[Result "0-1"]
[Round "1"]
[TimeControl "180+2"]
[Date "2023.07.25"]
[WhiteClock "0:00:00"]
[BlackClock "0:00:07"]
[Board "103"]

1. Nf3 c5 2. g3 b6 3. Bg2 Bb7 4. O-O Nf6 5. c3 c4 6. b3 cxb3 7. axb3 e6 8. d4 Be7 9. Nbd2 O-O 10. Re1 Ne4 11. Nxe4 Bxe4 12. Nh4 Bxg2 13. Nxg2 d5 14. e4 dxe4 15. Rxe4 Nd7 16. Ba3 Nf6 17. Re3 Nd5 18. Rd3 a5 19. Qd2 Bxa3 20. Rxa3 Qd6 21. Ra1 Rfc8 22. Ne3 b5 23. c4 Nxe3 24. c5 Qd5 25. Qxe3 Rd8 26. Rc1 a4 27. bxa4 Rxa4 28. c6 Rc4 29. Rdc3 Qxc6 30. Rxc4 bxc4 31. Qc3 Rc8 32. Ra1 h6 33. Ra5 Qb6 34. d5 Rd8 35. dxe6 Rd1+ 36. Kg2 Qc6+ 37. f3 Rd3 38. exf7+ Kf8 39. Qb4+ Kxf7 40. Ra7+ Kg6 41. Qe7 Qxf3+ 42. Kh3 Qf5+ 43. Kg2 Rd2+ 44. Kg1 Qf2+ 0-1


[Site "https://www.chess.com"]

[Event "Titled Tuesday Blitz July 25 Late 2023"]
[White "Goltsev, Dmitry"]
[Black "Srdanovic, Jovana"]
[WhiteFideId "24176710"]
[BlackFideId "954810"]
[WhiteElo "2687"]
[BlackElo "2356"]
[Result "1-0"]
[Round "1"]
[TimeControl "180+2"]
[Date "2023.07.25"]
[WhiteClock "0:02:01"]
[BlackClock "0:01:57"]
[Board "104"]

1. e4 c5 2. Nf3 Nf6 3. e5 Nd5 4. Nc3 Nxc3 5. bxc3 Nc6 6. d4 cxd4 7. cxd4 d5 8. exd6 Qxd6 9. Bd3 Bg4 10. c3 e6 11. O-O Be7 12. h3 Bh5 13. a4 Bg6 14. Ba3 Qd7 15. Bb5 Bxa3 16. Rxa3 O-O 17. Ne5 Qd6 18. Nc4 Qe7 19. Bxc6 bxc6 20. Rb3 c5 21. Ne5 cxd4 22. cxd4 Qd6 23. Qd2 Rfd8 24. Rd1 Be4 25. Qf4 Bg6 26. Rb7 Rf8 27. Nxg6 1-0


[Site "https://www.chess.com"]

[Event "Titled Tuesday Blitz July 25 Late 2023"]
[White "Gavarrete, Nahun"]
[Black "Boyer, Mahel"]
[WhiteFideId "8400709"]
[BlackFideId "45102422"]
[WhiteElo "2355"]
[BlackElo "2678"]
[Result "0-1"]
[Round "1"]
[TimeControl "180+2"]
[Date "2023.07.25"]
[WhiteClock "0:00:00"]
[BlackClock "0:00:17"]
[Board "105"]

1. e4 c6 2. c4 d5 3. exd5 cxd5 4. cxd5 Nf6 5. Nc3 Nxd5 6. Nf3 Nc6 7. Bb5 g6 8. h4 Bg7 9. h5 O-O 10. hxg6 hxg6 11. d4 Bg4 12. Bxc6 bxc6 13. Rh4 Qc8 14. Ne4 Qe6 15. Ng5 Qxe4+ 16. Nxe4 Bxd1 17. Kxd1 Bxd4 18. Bg5 Bxb2 19. Rb1 Rab8 20. Kc2 Bg7 21. Rhh1 Nb4+ 22. Kd2 Rfd8+ 23. Ke2 Nxa2 24. Kf3 f5 25. Nc5 Kf7 26. Nb7 Rd3+ 27. Ke2 Rd4 28. Rb3 Nc3+ 29. Kf3 Re4 30. Nd6+ exd6 31. Rxb8 Be5 32. Rb7+ Ke6 33. Rhh7 Rg4 34. Be3 Kd5 35. Rxa7 Ne4 36. Ra5+ c5 37. Rd7 Ke6 38. Raa7 Nf6 39. Re7+ Kd5 40. g3 Rb4 41. Bf4 Rb3+ 42. Kg2 Bxf4 43. gxf4 Nh5 44. Rad7 Nxf4+ 45. Kg1 Kc6 46. Rd8 Rb1+ 47. Kh2 Rb2 48. Kg3 Nh5+ 49. Kh4 Rxf2 50. Re6 Rf4+ 51. Kg5 Rg4+ 52. Kh6 Rd4 53. Rxg6 Nf4 54. Rf6 Rd5 0-1


[Site "https://www.chess.com"]

[Event "Titled Tuesday Blitz July 25 Late 2023"]
[White "Velikanov, Alexander"]
[Black "Topalov, Aleksandar"]
[WhiteFideId "2039290"]
[BlackFideId "925659"]
[WhiteElo "2674"]
[BlackElo "2353"]
[Result "1-0"]
[Round "1"]
[TimeControl "180+2"]
[Date "2023.07.25"]
[WhiteClock "0:00:53"]
[BlackClock "0:00:19"]
[Board "106"]

1. e4 e6 2. d4 d5 3. Nc3 Bb4 4. e5 Qd7 5. h4 h5 6. a3 Bxc3+ 7. bxc3 b6 8. Nh3 Ba6 9. Bxa6 Nxa6 10. Nf4 g6 11. a4 Nb8 12. g4 hxg4 13. Qxg4 Nc6 14. Ba3 O-O-O 15. h5 Nh6 16. Qg5 Nf5 17. Ke2 gxh5 18. Nxh5 Na5 19. Bb4 Nc4 20. Nf6 Qc6 21. a5 Qb5 22. Rxh8 Rxh8 23. axb6 Nxe5+ 24. Kd2 Nf3+ 25. Kc1 Nxg5 26. Rxa7 Rh1+ 27. Kb2 Qxb6 28. Ra8+ Kb7 29. Rg8 Ne4 30. Nd7 Qa6 31. Rb8+ Kc6 32. Ne5# 1-0


[Site "https://www.chess.com"]

[Event "Titled Tuesday Blitz July 25 Late 2023"]
[White "K2JW"]
[Black "Skatchkov, Valery"]
[BlackFideId "24195812"]
[WhiteElo "2353"]
[BlackElo "2673"]
[Result "1-0"]
[Round "1"]
[TimeControl "180+2"]
[Date "2023.07.25"]
[WhiteClock "0:00:40"]
[BlackClock "0:02:28"]
[Board "107"]

1. d4 Nf6 2. Nf3 e6 3. c4 d5 4. Nc3 Ne4 5. e3 f5 6. Bd3 c6 7. O-O Bd6 8. Ne2 O-O 9. b3 b6 10. Bb2 Bb7 11. Ne5 Nd7 12. Rc1 Rc8 13. f3 Nec5 14. Bb1 Bxe5 15. dxe5 Qc7 16. cxd5 exd5 17. b4 Ne6 18. f4 Rf7 19. Nd4 Nxd4 20. exd4 Nf8 21. b5 c5 22. Ba3 Ne6 23. dxc5 bxc5 24. Bb2 Qb6 25. a4 a6 26. Qe2 c4+ 27. Qf2 axb5 28. Qxb6 1-0


[Site "https://www.chess.com"]

[Event "Titled Tuesday Blitz July 25 Late 2023"]
[White "Salimova, Nurgyul"]
[Black "Kostiukov, Alexandr"]
[WhiteFideId "2915138"]
[BlackFideId "14108100"]
[WhiteElo "2669"]
[BlackElo "2353"]
[Result "1-0"]
[Round "1"]
[TimeControl "180+2"]
[Date "2023.07.25"]
[WhiteClock "0:01:20"]
[BlackClock "0:00:00"]
[Board "108"]

1. e4 c5 2. Nf3 g6 3. c4 Bg7 4. d4 cxd4 5. Nxd4 Nc6 6. Be3 Nf6 7. Nc3 Nxd4 8. Bxd4 Qa5 9. Be2 O-O 10. O-O d6 11. Rb1 Be6 12. b4 Qd8 13. Qd3 Nd7 14. Bxg7 Kxg7 15. f4 f6 16. Rfc1 a5 17. a3 axb4 18. axb4 Ra3 19. Qd4 Qb6 20. Qxb6 Nxb6 21. c5 dxc5 22. bxc5 Nd7 23. Rxb7 Nxc5 24. Rxe7+ Rf7 25. Re8 Nb3 26. Rd1 Bd7 27. Rd8 Nc5 28. Rc1 Nb3 29. Rd1 Nc5 30. Bc4 1-0


[Site "https://www.chess.com"]

[Event "Titled Tuesday Blitz July 25 Late 2023"]
[White "Skuhala, Barbara"]
[Black "Weetik, Vjacheslav"]
[WhiteFideId "14605465"]
[BlackFideId "4153472"]
[WhiteElo "2353"]
[BlackElo "2667"]
[Result "0-1"]
[Round "1"]
[TimeControl "180+2"]
[Date "2023.07.25"]
[WhiteClock "0:01:10"]
[BlackClock "0:00:15"]
[Board "109"]

1. e4 c6 2. d4 d5 3. f3 dxe4 4. fxe4 e5 5. Nf3 Bg4 6. Bc4 Nd7 7. O-O Bh5 8. c3 Bd6 9. Qb3 b5 10. Bd3 Ngf6 11. Nbd2 O-O 12. Nh4 Nc5 13. Qc2 Nxd3 14. Qxd3 c5 15. d5 c4 16. Qg3 Re8 17. Nf5 Bc5+ 18. Kh1 Bg6 19. b3 Bf8 20. bxc4 bxc4 21. Nxc4 Nxe4 22. Qd3 Nc5 23. Qe3 Qxd5 24. Nd2 Nd3 25. c4 Qd7 26. Nh4 Bc5 27. Qg3 Qd4 28. Nb3 Nf2+ 29. Kg1 Nh3+ 30. Kh1 Nf2+ 31. Kg1 Ne4+ 32. Nxd4 Nxg3 33. hxg3 Bxd4+ 0-1


[Site "https://www.chess.com"]

[Event "Titled Tuesday Blitz July 25 Late 2023"]
[White "brm72"]
[Black "Slovineanu, Viacheslav"]
[BlackFideId "13900510"]
[WhiteElo "2665"]
[BlackElo "2352"]
[Result "0-1"]
[Round "1"]
[TimeControl "180+2"]
[Date "2023.07.25"]
[WhiteClock "0:00:51"]
[BlackClock "0:00:27"]
[Board "110"]

1. e4 c6 2. d4 d5 3. e5 Bf5 4. Nf3 e6 5. Be2 Nd7 6. O-O a6 7. Nbd2 h6 8. Nb3 c5 9. c4 dxc4 10. Bxc4 b5 11. Be2 c4 12. Nbd2 Ne7 13. a4 Nd5 14. Re1 Bb4 15. Nh4 Qxh4 16. Nf3 Qe7 17. Bd2 O-O 18. Bf1 N7b6 19. a5 Na4 20. Qc1 Rfd8 21. h3 Rac8 22. Be2 Bxd2 23. Qxd2 c3 24. bxc3 Naxc3 25. Bd3 Bxd3 26. Qxd3 Nf4 27. Qe3 Ncd5 28. Qe4 Rc4 29. Kh2 Rdc8 30. g3 Ng6 31. h4 Rc2 32. Kg2 b4 33. Qd3 Qb7 34. Re4 b3 35. Rb1 b2 36. h5 Nf8 37. Rg4 Rc1 38. Qd2 Rxb1 39. Qxh6 f5 40. exf6 Nxf6 41. Qxf6 Rg1+ 42. Kxg1 b1=Q+ 43. Kg2 Qf5 44. Qxf5 exf5 45. Rf4 Ne6 46. Rxf5 Nxd4 47. Rf4 Nxf3 48. Rxf3 Rf8 0-1


[Site "https://www.chess.com"]

[Event "Titled Tuesday Blitz July 25 Late 2023"]
[White "Xia, Brandon"]
[Black "Manukyan, Sargis A."]
[WhiteFideId "30921880"]
[BlackFideId "13303970"]
[WhiteElo "2350"]
[BlackElo "2663"]
[Result "0-1"]
[Round "1"]
[TimeControl "180+2"]
[Date "2023.07.25"]
[WhiteClock "0:00:01"]
[BlackClock "0:00:17"]
[Board "111"]

1. Nf3 d5 2. b3 e6 3. Bb2 Nf6 4. e3 Be7 5. Be2 O-O 6. O-O c5 7. c4 Nc6 8. cxd5 exd5 9. d4 cxd4 10. Nxd4 Bd7 11. Nc3 Rc8 12. Rc1 a6 13. Bf3 Be6 14. Qd3 Ne5 15. Qb1 Nxf3+ 16. Nxf3 h6 17. Rfd1 Bb4 18. Ne2 Rxc1 19. Qxc1 Qc8 20. Qa1 Be7 21. Nf4 Rd8 22. Nxe6 fxe6 23. Qb1 Ne4 24. Nd4 Bf6 25. Rc1 Qd7 26. Nf3 Qe7 27. Be5 Bxe5 28. Nxe5 Qf6 29. Nf3 Rf8 30. Rc2 Qg6 31. Qd1 Nd6 32. Rc7 Qf6 33. h3 Rf7 34. Qc2 Ne4 35. Rxf7 Qxf7 36. Ne5 Qe8 37. f4 Qd8 38. Kh2 Kh7 39. Nf3 Kg8 40. Ne5 Qh4 41. Qc8+ Kh7 42. Qxe6 Qg3+ 43. Kh1 Qe1+ 44. Kh2 Qg3+ 45. Kh1 Nf6 46. Qf5+ Kg8 47. Qc8+ Kh7 48. Qc2+ Ne4 49. Qc8 Qe1+ 50. Kh2 Ng3 51. Nf3 Qf2 52. Qg4 Nf1+ 53. Kh1 Nxe3 54. Ng5+ Kg6 55. Qe6+ Kh5 56. Qf7+ g6 57. g4+ Kh4 58. Nf3+ Kg3 0-1


[Site "https://www.chess.com"]

[Event "Titled Tuesday Blitz July 25 Late 2023"]
[White "Wieczorek, Oskar"]
[Black "Papp, Petra"]
[WhiteFideId "1133950"]
[BlackFideId "739049"]
[WhiteElo "2657"]
[BlackElo "2347"]
[Result "1-0"]
[Round "1"]
[TimeControl "180+2"]
[Date "2023.07.25"]
[WhiteClock "0:01:08"]
[BlackClock "0:00:16"]
[Board "112"]

1. e4 c6 2. d4 d5 3. Nd2 dxe4 4. Nxe4 Nf6 5. Nxf6+ exf6 6. Be2 Bd6 7. Bf3 O-O 8. Ne2 Re8 9. O-O Nd7 10. c4 Nf8 11. Nc3 Bf5 12. Be3 Ng6 13. c5 Bf4 14. Qd2 Qc7 15. g3 Bxe3 16. fxe3 Bh3 17. Rfe1 Rad8 18. Qf2 Qd7 19. Ne4 Bg4 20. Nd6 Re7 21. e4 h5 22. Rad1 h4 23. Bxg4 Qxg4 24. Qf5 Qxf5 25. exf5 Rxe1+ 26. Rxe1 Nf8 27. Re7 b6 28. Rxa7 bxc5 29. dxc5 Nh7 30. gxh4 Rb8 31. b3 Rb4 32. Ra4 Rb8 33. b4 g6 34. fxg6 fxg6 35. a3 Nf8 36. Ra6 Nd7 37. Rxc6 Ne5 38. Rc8+ 1-0


[Site "https://www.chess.com"]

[Event "Titled Tuesday Blitz July 25 Late 2023"]
[White "Andrews, Todd"]
[Black "Shuvalova, Polina"]
[WhiteFideId "2012456"]
[BlackFideId "24171760"]
[WhiteElo "2345"]
[BlackElo "2655"]
[Result "1-0"]
[Round "1"]
[TimeControl "180+2"]
[Date "2023.07.25"]
[WhiteClock "0:00:19"]
[BlackClock "0:00:05"]
[Board "113"]

1. e4 c6 2. c4 d5 3. exd5 cxd5 4. cxd5 Nf6 5. Nc3 Nxd5 6. Nf3 Nc6 7. Bc4 Nxc3 8. bxc3 e6 9. O-O Be7 10. d4 O-O 11. Bd3 b6 12. Re1 Bb7 13. Bc2 Bf6 14. Qd3 g6 15. h4 Rc8 16. h5 Ne7 17. hxg6 hxg6 18. Bh6 Re8 19. Ne5 Qd5 20. f3 Red8 21. Bb3 Qd6 22. Nxf7 Kxf7 23. Rxe6 Qxe6 24. Bxe6+ Kxe6 25. Re1+ Kf7 26. Qe3 Bd5 27. Bg5 Bxg5 28. Qxg5 Re8 29. Rxe7+ Rxe7 30. Qxd5+ Kg7 31. Qd6 Rec7 32. d5 Rf7 33. Qe5+ Kg8 34. d6 Rd8 35. Qd5 Kg7 36. Qd4+ Kg8 37. c4 Rfd7 38. c5 bxc5 39. Qxc5 Kg7 40. Qe5+ Kh7 41. Qd4 Kg8 42. a4 a6 43. Qd5+ Kh7 44. a5 Rxd6 45. Qf7+ Kh6 46. Kh2 Rd5 47. Kg3 Rg5+ 48. Kf2 Rd2+ 49. Ke3 Rgxg2 50. Qf4+ Kg7 51. Qc7+ Kf6 52. Qc6+ Ke7 53. Qxa6 Rge2+ 54. Qxe2 Rxe2+ 55. Kxe2 Kd6 56. Ke3 Kc6 57. Kf4 Kb5 58. Kg5 Kxa5 59. Kxg6 1-0


[Site "https://www.chess.com"]

[Event "Titled Tuesday Blitz July 25 Late 2023"]
[White "Bernabeu Lopez, Carlos Javier"]
[Black "Yolosz"]
[WhiteFideId "2235366"]
[WhiteElo "2650"]
[BlackElo "2343"]
[Result "1-0"]
[Round "1"]
[TimeControl "180+2"]
[Date "2023.07.25"]
[WhiteClock "0:02:23"]
[BlackClock "0:00:07"]
[Board "114"]

1. e4 c5 2. Nf3 Nc6 3. Bb5 d6 4. O-O Bd7 5. c4 a6 6. Bxc6 Bxc6 7. Nc3 Nf6 8. d3 g6 9. Bg5 Bg7 10. Qd2 O-O 11. Bh6 b5 12. Bxg7 Kxg7 13. b3 e5 14. Ne1 Nh5 15. Ne2 f5 16. exf5 Rxf5 17. f4 exf4 18. Nxf4 Nxf4 19. Rxf4 Qf6 20. Rxf5 Qxa1 21. Rf1 Re8 22. Nf3 Qf6 23. h3 Bxf3 24. Rxf3 Qd4+ 25. Kh2 bxc4 26. bxc4 Qe5+ 27. Rg3 h5 28. Qg5 Qxg5 29. Rxg5 Re3 30. Rd5 Re6 31. Kg3 Kf6 32. Kf2 Ke7 33. g4 h4 34. d4 cxd4 35. Rxd4 Rf6+ 36. Ke3 Rf1 37. Re4+ Kd7 38. Rf4 Ra1 39. Rf2 Rh1 40. Rf3 Ra1 41. Kf4 Rxa2 42. Kg5 a5 43. Kxg6 a4 44. Kh6 a3 45. g5 Ra1 46. g6 a2 47. Rf2 Ke7 48. g7 Rg1 49. Rxa2 Kf6 50. Rf2+ Ke7 51. Kh7 1-0


[Site "https://www.chess.com"]

[Event "Titled Tuesday Blitz July 25 Late 2023"]
[White "crosky"]
[Black "Milosevic, Milos"]
[BlackFideId "964875"]
[WhiteElo "2342"]
[BlackElo "2645"]
[Result "1-0"]
[Round "1"]
[TimeControl "180+2"]
[Date "2023.07.25"]
[WhiteClock "0:00:26"]
[BlackClock "0:00:00"]
[Board "115"]

1. c4 d6 2. Nc3 Nf6 3. d4 e5 4. Nf3 Nbd7 5. e4 g6 6. Be2 Bg7 7. O-O O-O 8. Re1 h6 9. Bf1 Qe7 10. Be3 Ng4 11. Bd2 exd4 12. Nd5 Qd8 13. h3 Nge5 14. Nxd4 c6 15. Nc3 Nxc4 16. Bxc4 Bxd4 17. Bxh6 Bxf2+ 18. Kxf2 Qh4+ 19. Kg1 Qxh6 20. Qxd6 Qg5 21. e5 Nb6 22. Bf1 Be6 23. Ne4 Qf4 24. Nf6+ Kg7 25. Re4 Qg3 26. Rae1 Rad8 27. Qb4 Rh8 28. R1e3 Qg5 29. Kh2 Nd5 30. Nxd5 cxd5 31. Rg3 Qxg3+ 32. Kxg3 dxe4 33. Qxe4 Rh5 34. Be2 Rg5+ 35. Kh2 Rd5 36. Bf3 Rgxe5 37. Qb4 Rb5 38. Qe7 Rxb2 39. a4 b6 40. Qd6 Kf6 41. Qd4 Rb3 42. Qf4+ Rf5 43. Qh4+ 1-0


[Site "https://www.chess.com"]

[Event "Titled Tuesday Blitz July 25 Late 2023"]
[White "Ehlvest, Jaan"]
[Black "Alahakoon, Isuru"]
[WhiteFideId "4500016"]
[BlackFideId "9900993"]
[WhiteElo "2633"]
[BlackElo "2341"]
[Result "1/2-1/2"]
[Round "1"]
[TimeControl "180+2"]
[Date "2023.07.25"]
[WhiteClock "0:01:05"]
[BlackClock "0:00:07"]
[Board "116"]

1. e4 d5 2. exd5 Qxd5 3. Nc3 Qa5 4. g3 Nf6 5. Bg2 Bg4 6. Nf3 Nc6 7. h3 Bh5 8. O-O O-O-O 9. b4 Qf5 10. g4 Nxg4 11. hxg4 Bxg4 12. Nh4 Qh5 13. f3 Bd7 14. b5 e5 15. Ne4 Nd4 16. c3 Ne6 17. f4 Qxh4 18. Qf3 c6 19. fxe5 Nc5 20. Nxc5 Bxc5+ 21. d4 Bb6 22. a4 Be6 23. bxc6 Bd5 24. Qf5+ Be6 25. cxb7+ Kb8 26. Qf4 Rxd4 27. cxd4 Bxd4+ 28. Be3 Qxf4 29. Rxf4 Bxe3+ 30. Rf2 Rd8 31. Re1 Bxf2+ 32. Kxf2 Bd5 33. e6 fxe6 34. Bxd5 exd5 35. Re7 d4 36. Ke2 d3+ 37. Kd2 h5 38. Rxg7 h4 39. a5 Rd6 40. a6 Rxa6 41. Kxd3 Ra4 42. Rh7 h3 43. Kc3 Ra3+ 44. Kb4 Rg3 45. Kb5 Rb3+ 46. Kc6 Rc3+ 47. Kb5 Rb3+ 48. Ka6 Ra3+ 49. Kb5 Rb3+ 1/2-1/2


[Site "https://www.chess.com"]

[Event "Titled Tuesday Blitz July 25 Late 2023"]
[White "Yu, Jennifer"]
[Black "Taghizadeh, Rayan"]
[WhiteFideId "2078341"]
[BlackFideId "2054019"]
[WhiteElo "2341"]
[BlackElo "2630"]
[Result "0-1"]
[Round "1"]
[TimeControl "180+2"]
[Date "2023.07.25"]
[WhiteClock "0:00:07"]
[BlackClock "0:00:41"]
[Board "117"]

1. Nf3 d5 2. g3 c6 3. Bg2 Bg4 4. O-O Nf6 5. d4 e6 6. Ne5 Bf5 7. c3 Nbd7 8. Nd2 Nxe5 9. dxe5 Nd7 10. f4 Bc5+ 11. Kh1 h5 12. Nf3 Qe7 13. b4 Bb6 14. a4 a6 15. Ba3 f6 16. exf6 gxf6 17. Nh4 Kf7 18. b5 Bc5 19. Bxc5 Nxc5 20. bxc6 bxc6 21. Nxf5 exf5 22. c4 h4 23. gxh4 Rxh4 24. Rf3 Rg8 25. cxd5 Rhg4 26. Rg3 Rxg3 27. hxg3 Rh8+ 28. Kg1 Qe3+ 29. Kf1 Ne4 30. Bxe4 Qxe4 31. dxc6 Rh1+ 0-1


[Site "https://www.chess.com"]

[Event "Titled Tuesday Blitz July 25 Late 2023"]
[White "Danielyan, Vahe"]
[Black "Prydun, Andriy"]
[WhiteFideId "13304828"]
[BlackFideId "14145898"]
[WhiteElo "2627"]
[BlackElo "2339"]
[Result "1-0"]
[Round "1"]
[TimeControl "180+2"]
[Date "2023.07.25"]
[WhiteClock "0:02:27"]
[BlackClock "0:00:00"]
[Board "118"]

1. e4 c5 2. Nc3 d6 3. d4 cxd4 4. Qxd4 Nc6 5. Qd2 g6 6. b3 Bg7 7. Bb2 Bg4 8. Be2 h5 9. O-O-O Rc8 10. Kb1 Nh6 11. f3 Be6 12. f4 O-O 13. Nf3 Bg4 14. h3 Bxf3 15. Bxf3 Nd4 16. Rhf1 Nxf3 17. Rxf3 Re8 18. f5 Rc6 19. Nd5 e6 20. fxe6 fxe6 21. Nf6+ Bxf6 22. Bxf6 Qd7 23. Qxh6 1-0


[Site "https://www.chess.com"]

[Event "Titled Tuesday Blitz July 25 Late 2023"]
[White "kiwibobo"]
[Black "Sipila, Vilka"]
[BlackFideId "505455"]
[WhiteElo "2335"]
[BlackElo "2626"]
[Result "0-1"]
[Round "1"]
[TimeControl "180+2"]
[Date "2023.07.25"]
[WhiteClock "0:00:04"]
[BlackClock "0:01:15"]
[Board "119"]

1. e4 c5 2. Nf3 e6 3. d4 cxd4 4. Nxd4 Nf6 5. Nc3 Nc6 6. Nxc6 bxc6 7. e5 Nd5 8. Ne4 Bb7 9. c4 Nb4 10. a3 Qa5 11. Bd2 Qxe5 12. axb4 Qxe4+ 13. Qe2 Qxe2+ 14. Bxe2 c5 15. bxc5 Bxg2 16. Rg1 Bb7 17. Bc3 f6 18. Bh5+ Kd8 19. b4 a5 20. Rxa5 Rxa5 21. bxa5 Ba6 22. Be2 Ke7 23. Bb4 Kf7 24. Rg3 Be7 25. Rd3 Rb8 26. Bc3 Rb3 27. Kd2 Ke8 28. c6 dxc6 29. Bf3 Bb7 30. a6 Ba8 31. Bd4 Rb4 32. c5 Ra4 33. Rb3 Rxa6 34. Rb8+ Kf7 35. Rc8 e5 36. Be3 f5 37. Be2 Ra2+ 38. Ke1 Ra1+ 39. Kd2 f4 40. Bc4+ Kf6 41. Bd4 exd4 0-1


[Site "https://www.chess.com"]

[Event "Titled Tuesday Blitz July 25 Late 2023"]
[White "Sochacki, Christophe"]
[Black "DampFalcon"]
[WhiteFideId "662569"]
[WhiteElo "2622"]
[BlackElo "2333"]
[Result "1-0"]
[Round "1"]
[TimeControl "180+2"]
[Date "2023.07.25"]
[WhiteClock "0:00:52"]
[BlackClock "0:00:00"]
[Board "120"]

1. b3 d5 2. Bb2 Nc6 3. Nf3 Nf6 4. e3 e6 5. Bb5 Bd7 6. O-O Be7 7. Bxc6 Bxc6 8. Ne5 Bd7 9. d3 c5 10. Nd2 b6 11. f4 h5 12. Qe1 g6 13. Ndf3 O-O 14. Qg3 Be8 15. Ng5 Kg7 16. Nxg6 Qc7 17. Nxf8 Kxf8 18. Nh7+ 1-0


[Site "https://www.chess.com"]